Cogmind - Beta 14 @@@ ROGUE MODE // 2025.01.10 @ 20:11:13 Player: FenRhew Result: Destroyed by YI-UF0 with YI-UF0's Doublenader Performance ------------- Evolutions (0) 0 Regions Visited (2) 400 Robots Destroyed (17) 85 Value Destroyed (407) 407 Prototype IDs (4) 80 Alien Tech Used (0) 0 Bonus (0) 0 TOTAL SCORE: 972 Bonus ------- None Cogmind --------- Core Integrity 0/250 Matter 260/300 Energy 275/275 System Corruption 0% Temperature Cool (0) Movement Walking (190) Ox1 Location -10/Mines Parts ------- > --- POWER (1) -------- Light Ion Engine > --- PROPULSION (2) --- Aluminum Leg Aluminum Leg > --- UTILITY (2) ------ Large Storage Unit Medium Battery > --- WEAPON (2) ------- Particle Gun Mining Laser > --- INVENTORY (15) --- Light Nuclear Core Aluminum Leg Wheel Heat Sink Small Storage Unit Medium Storage Unit Seismic Detector Targeting Computer Grenade Launcher Peak State ------------ > --- POWER ------------ Ion Engine > --- PROPULSION ------- Light Treads Light Treads > --- UTILITY ---------- Large Storage Unit Improved Terrain Scanner > --- WEAPON ----------- EM Pulse Gun Small Laser > --- INVENTORY -------- Ion Engine Light Ion Engine Aluminum Leg Aluminum Leg Aluminum Leg Flight Unit Small Storage Unit Medium Storage Unit Seismic Detector Light Assault Rifle [Rating: 10] Favorites ----------- Power Ion Engine Engine Ion Engine Propulsion Light Treads Treads Light Treads Leg Aluminum Leg Utility Large Storage Unit Device Improved Terrain Scanner Storage Large Storage Unit Weapon EM Pulse Gun Energy Gun EM Pulse Gun Ballistic Gun Light Assault Rifle Special Weapon Mining Laser Build | -11 -10 -10 ------- Run | Yrd Mat Min Slots Evolved . | . . . Power . | . . . Propulsion . | . . . Utility . | . . . Weapon . | . . . Parts Attached 27 | 7 14 6 Power 3 | 1 1 1 Engine 3 | 1 1 1 Core . | . . . Reactor . | . . . Propulsion 9 | 2 4 3 Treads 3 | 2 1 . Leg 6 | . 3 3 Wheel . | . . . Hover . | . . . Flight . | . . . Utility 4 | 2 2 . Device 1 | 1 . . Storage 3 | 1 2 . Processor . | . . . Hackware . | . . . Protection . | . . . Artifact . | . . . Weapon 11 | 2 7 2 Energy Gun 8 | 2 5 1 Energy Cannon . | . . . Ballistic Gun 2 | . 2 . Ballistic Cannon . | . . . Launcher . | . . . Special Weapon 1 | . . 1 Impact Weapon . | . . . Slashing Weapon . | . . . Piercing Weapon . | . . . Special Melee Weapon . | . . . Unidentified Prototypes . | . . . Parts Lost 10 | . 5 5 Power 2 | . 1 1 Propulsion 3 | . 1 2 Utility 1 | . 1 . Weapon 4 | . 2 2 Highest Loss Streak 5 | . 3 5 To Critical Strikes . | . . . Average Slot Usage (%) 97 | . 97 98 Engine 13 | . 13 13 Treads 14 | . 19 . Leg 13 | . 8 27 Device 5 | . 7 . Storage 21 | . 18 28 Energy Gun 23 | . 22 27 Ballistic Gun 3 | . 5 . Peak Build Rating 10 | 9 10 9 Average Rating 8 | 5 8 8 On Entrance 6 | . 9 9 Naked Turns . | . . . Heaviest Build 32 | 14 32 32 Greatest Support 40 | 40 40 20 Greatest Overweight (x) 2 | . 2 2 Average Overweight (x) . | . . 1 Largest Inventory Capacity 15 | 8 15 15 Average Capacity 12 | 7 12 15 Most Carried 15 | 6 15 15 Average Carried 10 | 3 10 14 Final Capacity 15 | 8 15 15 Final Carried 15 | 5 15 9 Class Distribution -------------------- 83% | Mutant 16% | Scavenger-Mutant Dominant Class ---------------- Mutant | -10/Materials Mutant | -10/Mines Resources | -11 -10 -10 ----------- Run | Yrd Mat Min Matter Collected 441 | 215 216 10 Remotely . | . . . Salvage Created 505 | 29 432 44 Parts 38 | 4 31 3 Haulers Intercepted . | . . . Recyclers Shooed 1 | 1 . . Parts Field Recycled . | . . . Retrieved Matter . | . . . Parts Self-Destructed . | . . . Prevented . | . . . Kills | -11 -10 -10 ------- Run | Yrd Mat Min Combat Hostiles Destroyed 14 | . 13 1 Guns 14 | . 13 1 Classes Destroyed 5 | 1 4 . Tunneler 1 | 1 . . Operator 1 | . 1 . Watcher 1 | . 1 . Swarmer 6 | . 6 . Grunt 8 | . 7 1 Best Kill Streak 3 | 1 3 1 Combat Bots Only 3 | . 3 1 Max Kills in Single Turn 1 | 1 1 1 Gunslinging . | . . . Exploded . | . . . Melee . | . . . Uniques/NPCs Destroyed . | . . . Combat | -11 -10 -10 -------- Run | Yrd Mat Min Hostile Shots Fired 119 | . 101 18 Missed 34 | . 24 10 Damage Taken 1307 | . 907 400 Core 250 | . 180 70 Absorbed by Shields . | . . . Core Remaining (%) 100 | 100 . . Volleys Fired 63 | 2 56 5 Largest 2 | 2 2 2 Hottest 105 | 80 105 105 Shots Fired 122 | 4 112 6 Gun 122 | 4 112 6 Cannon . | . . . Launcher . | . . . Special . | . . . Kinetic 35 | . 35 . Thermal 59 | 2 56 1 Explosive . | . . . Electromagnetic 28 | 2 21 5 Robot Hit Streak 9 | 3 9 3 Robot Miss Streak 4 | . 4 1 Penetration Max . | . . . Secondary Targets . | . . . Shots Hit Robots 78 | 3 70 5 Core Hits 32 | 1 28 3 Critical Kills . | . . . Critical Parts Destroyed . | . . . Critical Strikes 1 | . . 1 Corrupt 1 | . . 1 Melee Attacks . | . . . Impact . | . . . Slashing . | . . . Piercing . | . . . Sneak Attacks . | . . . Combat Hostiles . | . . . Follow-up Attacks . | . . . Damage Inflicted 927 | 37 773 117 Guns 867 | 37 767 63 Cannons . | . . . Explosions 54 | . . 54 Melee . | . . . Ramming 6 | . 6 . Kinetic 207 | . 207 . Thermal 518 | 22 424 72 Explosive . | . . . Electromagnetic 196 | 15 136 45 Impact . | . . . Slashing . | . . . Piercing . | . . . Highest Corruption . | . . . Average Corruption . | . . . Corruption Purged . | . . . Corruption Blocked . | . . . Overload Shots . | . . . Overflow Damage . | . . . Projectiles . | . . . Explosions . | . . . Melee . | . . . Knockbacks . | . . . Impact . | . . . Kinetic . | . . . Secondary . | . . . Self-Inflicted Damage . | . . . Shots . | . . . Rammed 1 | . 1 . Targets Rammed 1 | . 1 . Kicked . | . . . Crushed . | . . . Highest Temperature 153 | 18 153 45 Average Temperature 45 | 12 47 24 Received Heat Transfer 438 | . 429 9 Siege Activations . | . . . Robots Corrupted . | . . . Combat Hostiles . | . . . Parts Fried . | . . . Impact Corruptions . | . . . Robots Melted . | . . . Combat Hostiles . | . . . Parts Melted 1 | . 1 . Heat Transferred 1086 | 50 949 87 Parts Sabotaged . | . . . Parts Stolen . | . . . Parts Stripped . | . . . Power Chain Reactions 1 | . . 1 Alert | -11 -10 -10 ------- Run | Yrd Mat Min Peak Influence 241 | 5 241 78 Initial 47 | . 3 47 Average 86 | 1 106 53 Maximum Alert Level 1 | . 1 . Low Security (%) 97 | 100 95 100 Level 1 2 | . 4 . Level 2 . | . . . Level 3 . | . . . Level 4 . | . . . Level 5 . | . . . High Security . | . . . Max Security . | . . . Squads Dispatched 2 | . 2 . Investigation 1 | . 1 . Extermination . | . . . Reinforcement 1 | . 1 . Assault . | . . . Garrison . | . . . Intercept . | . . . Searches Triggered . | . . . Construction Impeded . | . . . Haulers Reinforced . | . . . Active Scanning Responses . | . . . Cargo Convoy Interrupts . | . . . Stealth | -11 -10 -10 --------- Run | Yrd Mat Min Distress Signals 2 | . 2 . Communications Jammed . | . . . Distress Signals . | . . . Times Spotted 29 | . 25 4 Peak Tracking Total 3 | . 3 1 Tactical Retreats 4 | . 3 1 Traps | -11 -10 -10 ------- Run | Yrd Mat Min Traps Triggered 1 | . 1 . Indirectly . | . . . Trap Hack Attempts . | . . . Triggered . | . . . Disarmed . | . . . Reprogrammed . | . . . Reused . | . . . Traps Extracted . | . . . Installed . | . . . Triggered . | . . . Machines | -11 -10 -10 ---------- Run | Yrd Mat Min Machines Disabled 1 | . 1 . Max in Single Turn 1 | . 1 . Machines Repaired . | . . . Machines Dismantled . | . . . Machines Sabotaged . | . . . Overloaded Fab Kills . | . . . Hacking | -11 -10 -10 --------- Run | Yrd Mat Min Machines Accessed 7 | . 7 . Terminals 5 | . 5 . Fabricators . | . . . Repair Stations . | . . . Recycling Units 2 | . 2 . Scanalyzers . | . . . Garrison Access . | . . . Total Hacks 19 | . 19 . Successful 8 | . 8 . Failed 11 | . 11 . Catastrophic 5 | . 5 . Database Lockouts . | . . . Manual 6 | . 6 . Terminals 14 | . 14 . Fabricators . | . . . Repair Stations . | . . . Recycling Units 5 | . 5 . Scanalyzers . | . . . Garrison Access . | . . . Terminal Hacks 6 | . 6 . Robot Analysis 3 | . 3 . Prototype ID Bank 2 | . 2 . Terminal Index 1 | . 1 . Fabricator Hacks . | . . . Repair Station Hacks . | . . . Recycling Unit Hacks 2 | . 2 . Report Inventory 2 | . 2 . Scanalyzer . | . . . Garrison Access Hacks . | . . . Unauthorized Hacks . | . . . Terminals . | . . . Fabricators . | . . . Repair Stations . | . . . Recycling Units . | . . . Scanalyzers . | . . . Garrison Access . | . . . Data Cores Recovered . | . . . Used . | . . . Hacking Detections 7 | . 7 . Full Trace Events 1 | . 1 . Feedback Events . | . . . Feedback Blocked . | . . . Robot Schematics Acquired . | . . . Robots Built . | . . . Authchips . | . . . Time . | . . . Total Robot Build Rating . | . . . Part Schematics Acquired . | . . . Parts Built . | . . . Authchips . | . . . Time . | . . . Total Part Build Rating . | . . . Parts Repaired . | . . . Time . | . . . Parts Recycled . | . . . Recycled Matter . | . . . Retrieved Matter . | . . . Retrieved Components . | . . . Parts Scanalyzed . | . . . Part Schematics Acquired . | . . . Parts Damaged . | . . . Bothacking | -11 -10 -10 ------------ Run | Yrd Mat Min Used RIF Installer . | . . . Robots Hacked . | . . . Non-combat . | . . . Combat . | . . . Robot Hacks Applied . | . . . Relay Couplers Released . | . . . Fabnet Peak Effective % . | . . . Robots Rewired . | . . . Allies Hacked . | . . . Hacks Repelled . | . . . Allies | -11 -10 -10 -------- Run | Yrd Mat Min Total Allies . | . . . Largest Group . | . . . Highest-Rated Group . | . . . Highest-Rated Ally . | . . . Total Orders . | . . . Ally Attacks . | . . . Total Damage . | . . . Kills . | . . . Allies Corrupted . | . . . Allies Melted . | . . . Intel | -11 -10 -10 ------- Run | Yrd Mat Min Robot Analysis Total 3 | . 3 . Derelict Logs Recovered . | . . . Drone Launches . | . . . Drone Recoveries . | . . . Exploration | -11 -10 -10 ------------- Run | Yrd Mat Min Turns Passed 1558 | 96 1044 418 Spaces Moved 730 | 47 476 207 Core 2 | 2 . . Treads 394 | 45 349 . Legs 334 | . 127 207 Wheels . | . . . Hover . | . . . Flight . | . . . Fastest Speed 50 | 50 160 190 Average Speed 173 | 155 168 190 Slowest Speed 260 | 160 260 260 Overloaded Moves . | . . . Propulsion Burnouts . | . . . Robots Hopped . | . . . Cave-ins Triggered . | . . . Exploration Rate (%) 35 | 4 66 37 Regions Visited 2 Branch Regions 1 Pre-discovered Areas 1 | . . 1 Known Exits Taken . | . . . Unknown Exits Taken 2 | 1 1 . Scrap Searched . | . . . Spaces Dug . | . . . Terrain Destroyed 4 | . . 4 Melee . | . . . Projectile . | . . . AOE 4 | . . 4 Terrain Rammed . | . . . Walls Destroyed . | . . . Machines Disabled . | . . . Actions | -11 -10 -10 --------- Run | Yrd Mat Min Total 904 | 64 612 228 Wait 44 | 2 40 2 Move 728 | 46 475 207 Hop . | . . . Pick Up 30 | 7 20 3 Fast Attach 8 | 5 3 . Attach 12 | 2 5 5 Detach . | . . . Swap 7 | . 6 1 Drop 11 | . 6 5 Fire 63 | 2 56 5 Melee . | . . . Ram . | . . . Kick . | . . . Crush 1 | . 1 . Escape Stasis . | . . . Rewire . | . . . Trap . | . . . Miscellaneous . | . . . Route ------- -11/Scrapyard -10/Materials (discovered 4 exits: [*Mat] / [*Min x2] / [Sub]) -10/Mines (discovered 1 exit: [*Exi]) History --------- Turn | Location | Event 9 | -11/Scrapyard | Discovered new exit (range 16) 97 | -11/Scrapyard | Entered Materials 219 | -10/Materials | Discovered new exit (range 13) 318 | -10/Materials | Build established: Mutant 576 | -10/Materials | Discovered new exit (range 16) 843 | -10/Materials | Core integrity fell below 50% 879 | -10/Materials | Lost 3 parts (1p1n1w) 925 | -10/Materials | Discovered new exit (range 5) 1020 | -10/Materials | Discovered new exit (range 11) 1141 | -10/Materials | Entered Mines 1142 | -10/Mines | Learned location of Storage (-8) 1156 | -10/Mines | Deemed a non-threat by the Exiles lab entrance 1158 | -10/Mines | Discovered new exit (range 5) 1536 | -10/Mines | Core integrity fell below 20% 1559 | -10/Mines | Destroyed by YI-UF0 with YI-UF0's Doublenader Last Messages --------------- 01429_ Acquired Aluminum Leg. 01431_ Dropped Aluminum Leg. 01436_ Dropped Flight Unit. 01439_ Acquired Lgt. Nuclear Core. 01440_ Acquired 10 matter. 01443_ Dropped Signal Interpreter. 01444_ Dropped Sensor Array. 01445_ Acquired Particle Gun. 01487_ The unstable cave ceiling collapses. 01530_ YI-UF0 mumbles something. 01533_ The unstable cave ceiling collapses. 01533_ Chain reaction triggered in Imp. Deuterium Engine. 01534_ YI-UF0 mumbles something. 01535_ Aluminum Leg destroyed. 01535_ Particle Gun destroyed. 01537_ EM Pulse Gun destroyed. 01537_ Ion Engine destroyed. 01539_ Aluminum Leg destroyed. 01542_ The unstable cave ceiling collapses. Map ----- +----------------------------------------------------+ | ?????????????????????????????????????????? | | ????????????????????????#####????????????? | | ???????????????????????## ##???????????? | | ??????????????????????## ##??????????? | | ??????????????????????# ###????????? | | ??????????????????????# ##???????? | | ??????????????????????###### #???????? | | ???????????????????????????### #???????? | | ?????????????????????????????## ##??????? | | ??????????????????????????????# #??????? | | ??????????????????????????????# #??????? | | ?????????????? ???????????????# #??????? | | ???????????? ??????????????# ##?????? | | ????????#? # # ????????????## ##????? | | ???????? ??????????### ##???? | | ???????? * ?????????## ##### | | ?????????= # ???####### ## # | | ?????????? #; ???# = =#### | | ???????????# ??# !% #??# | | ????????????# ??# ##### ! ##??## | | ????????????# ??# #???#####???## | | ???????????## ??# #??????????## ## | | ???????????# ??# #????????### ### | | ??????????## g ### #???????## ##?? | | ?????????## # ## #???????# ##?? | | ????????## @ #???????# ### | | ????????# #???????## | | ????????# # # ##????????# | | ????????## # # # #????????## ### | | ?????????#?# # ##?????????## #?? | | ??????????### # #???????????# ##?? | | ??????????# ## ###?????????# ##??? | | ??????????# #?????????# #???? | | ??????????# # [ #?????????####???? | | ??????????# ## [ #????????????????? | | ??????????# ### #????????????????? | | ??????????# "" #????????????????? | | ??????????##### "" #????????????????? | | ?????????????# " #????????????????? | | ?????????????#### #######????????????????? | | ????????????????####?????????????????????? | | | | | | | | | | | | | | | | | | | +----------------------------------------------------+ Best States ------------- Heat Dissipation 25 Energy Generation 10 Energy Capacity 400 Matter Stores 300 Matter Capacity 300 Sight Range 16 Terrain Scan Range 16 Terrain Scan Density 10 Evasion (%) 40 Recoil Reduction 2 Item Schematics ----------------- None Robot Schematics ------------------ None Fabricated ------------ Nothing Alien Tech Used ----------------- None Achievements -------------- Armchair Analyst Challenges ------------ None Game ------ Seed ThermalRocketStreamer Manual? 0 Play Time 00:15:23 Cumulative 17.5 hours Start 2025.01.10 @ 19:56:30 End 2025.01.10 @ 20:11:13 Sessions 1 Manual Loads 0 Difficulty Rogue Special Mode None Game No. 14 Rogue 14 Adventurer 0 Explorer 0 Win Type - Total 0 Types 0/0/0/0/0/0/0/0/0 Lore% 15 Gallery% 22 Achievement% 22 Wizard Run 0 Options --------- Layout 1 ASCII 0 Keyboard 0 Movement Numpad Keybinds 0 Fullscreen 1 Font 24/Smallcaps Map View 50x35 Zoom Use 0% Tactical HUD 1 Map Filters NONE Filters NONE Steam 1 RUN: cb7bc381-1a78-4d69-8211-138373d2ca2b